 Dungeon Crawl Stone Soup version 0.29-a0-830-gcb1280458a (webtiles) character file.

Game seed: 15401553376907019087

1467 porpoise the Carver (level 8, 0/73 HPs)
             Began as a Hill Orc Monk on July 11, 2022.
             Slain by Pikel
             ... wielding a +2 whip of flaming
              (1 damage)
             ... on level 5 of the Dungeon.
             The game lasted 00:19:11 (8931 turns).

porpoise the Carver (Hill Orc Monk)                 Turns: 8931, Time: 00:19:11

Health: 0/73       AC:  9    Str: 22    XL:     8   Next: 77%
Magic:  8/8        EV: 14    Int: 10    God:
Gold:   1260       SH:  0    Dex: 13    Spells: 7/7 levels left

rFire   . . .      SeeInvis .   a - +0 long sword
rCold   . . .      Faith    .   (no shield)
rNeg    . . .      Spirit   .   k - +0 scale mail
rPois   .          Reflect  .   (no helmet)
rElec   .          Harm     .   n - +0 cloak
rCorr   .          Rampage  .   v - +0 pair of gloves
Will    .....                   (no boots)
Stlth   ..........              (no amulet)
HPRegen 0.22/turn               s - +4 ring of evasion
MPRegen 0.11/turn               x - +6 ring of strength

@: confused, ambrosia-drunk, invisible
A: no striking features
a: no special abilities


You were on level 5 of the Dungeon.
You visited 2 branches of the dungeon, and saw 8 of its levels.

You collected 1260 gold pieces.

Inventory:

Hand Weapons
 a - a +0 long sword (weapon)
 b - a +0 sling
Missiles
 i - 5 boomerangs
 u - 11 poisoned darts (quivered)
Armour
 k - a +0 scale mail (worn)
 n - a +0 cloak (worn)
 v - a +0 pair of gloves (worn)
Jewellery
 s - a +4 ring of evasion (left hand)
 x - a +6 ring of strength (right hand)
 B - a ring of flight
Wands
 t - a wand of digging (8)
 z - a wand of mindburst (13)
Scrolls
 e - a scroll of fog {unknown}
 f - a scroll of summoning
 g - a scroll of amnesia {unknown}
 h - a scroll of vulnerability
 j - 3 scrolls of identify
 o - 2 scrolls of teleportation
 p - a scroll of fear
 q - a scroll of noise
 r - a scroll of magic mapping {unknown}
 y - a scroll of silence {unknown}
 A - a scroll of torment {unknown}
Potions
 d - 3 potions of resistance
 m - 3 potions of mutation
 w - 2 potions of cancellation


   Skills:
 - Level 7.0 Fighting
 * Level 10.1 Long Blades
 + Level 3.3 Armour
 - Level 2.4 Dodging
 - Level 1.5 Stealth


You had 7 spell levels left.
You didn't know any spells.
Your spell library contained the following spells:

 Spells                   Type           Power      Damage    Failure   Level
 Sandblast                Erth           0%         2d4       69%         1
 Static Discharge         Conj/Air       0%         3-3/arc   83%         2
 Anguish                  Hex/Necr       0%         N/A       100%        4
 Dispel Undead            Necr           0%         3d6       100%        4
 Sticky Flame             Conj/Fire      0%         2d3       100%        4
 Enfeeble                 Hex            0%         N/A       100%        7


Dungeon Overview and Level Annotations

Branches:
Dungeon (7/15)             Temple (1/1) D:4

Altars:
Ashenzari
Cheibriados
Dithmenos
Elyvilon
Fedhas
Gozag
Hepliaklqana
Kikubaaqudgha
Makhleb
Nemelex Xobeh
Okawaru
Qazlal
Ru
Sif Muna
Trog
Uskayaw
Vehumet
Wu Jian
Xom
Yredelemnul
Zin

Annotations:
D:5 Pikel
D:6 Sigmund


Message History

You strike the helpless Pikel from behind!
You hit Pikel but do no damage.
Pikel is severely wounded.
Pikel says, "Hell isn't that bad."
Pikel closely misses you.
You hit Pikel.
Pikel is almost dead.
Pikel hits you with a +2 whip of flaming!
* * * LOW HITPOINT WARNING * * *
Pikel burns you.
* * * LOW HITPOINT WARNING * * *
You strike the helpless Pikel from behind!
You hit Pikel but do no damage.
Pikel is almost dead.
Pikel closely misses you.
You strike the helpless Pikel from behind!
You hit Pikel but do no damage.
Pikel is almost dead.
Pikel hits you with a +2 whip of flaming.
* * * LOW HITPOINT WARNING * * *
Pikel burns you.
* * * LOW HITPOINT WARNING * * *
You closely miss Pikel.
Pikel is almost dead.
Pikel closely misses you.
You hit Pikel.
Pikel is almost dead.
Pikel misses you.
Okay, then.
You are confused.
You feel invigorated.
Pikel hits you with a +2 whip of flaming.
* * * LOW HITPOINT WARNING * * *
Pikel burns you.
* * * LOW HITPOINT WARNING * * *
You bump into the rock wall.
Pikel hits you with a +2 whip of flaming!
* * * LOW HITPOINT WARNING * * *
Pikel burns you.
You die...

...........#..#####...##...#.#...
#.#####.##.#..#####...##.....#...
........##.#.........###.........
#.##.##..........................
#.##.##..........##..###..#...##.
.....................###..#....#.
.###.##.##.#..#.###..............
.# #.##.##.#....####.............
.# #............@................
.# #..#.##.#.<##K##.#.##..#.#....
.# #..#.##.#..##.##.#.###.#.#....
## #..#.##.#...>......##.........
####..#.##.#.###[##.#.##..#.#....
..##..#.##.#####.##.#.##..#.#....
####..#.##............##..###..#.
# #..#.##.#####.##...#..........
# #.............................


You could see Pikel (unable to see you).

Vanquished Creatures
  Edmund (D:5)
  A water moccasin (D:5)
  Duvessa (D:4)
  An ogre (D:5)
  A lemure (D:7)
  A phantom (D:4)
  A bullfrog (D:5)
  Blork the orc (D:4)
  2 necrophages
  A scorpion (D:5)
  Dowan (D:4)
  4 killer bees (D:7)
  A howler monkey (D:5)
  A jelly (D:4)
  2 hounds (D:4)
  An orc priest (D:7)
  An iguana (D:5)
  An orc wizard (D:7)
  9 adders
  2 shadow imps
  A white imp (D:7)
  3 ufetubi (D:5)
  A worm (D:4)
  4 dart slugs
  14 orcs
  6 ball pythons
  9 endoplasms
  3 giant cockroaches
  6 goblins
  15 hobgoblins
  2 jackals (D:3)
  2 quokkas
  4 bats
  3 frilled lizards
  10 kobolds
  6 rats
123 creatures vanquished.

Vanquished Creatures (collateral kills)
  A goblin (D:4)
1 creature vanquished.

Grand Total: 124 creatures vanquished

Notes
Turn   | Place    | Note
-------+----------+-------------------------------------------
     0 | D:1      | porpoise the Hill Orc Monk began the quest for the Orb.
     0 | D:1      | Reached XP level 1. HP: 19/19 MP: 1/1
   417 | D:1      | Reached XP level 2. HP: 27/27 MP: 2/2
   627 | D:1      | Reached skill level 4 in Long Blades
   831 | D:1      | Reached XP level 3. HP: 30/33 MP: 3/3
  1114 | D:1      | Found a faded altar of an unknown god.
  1122 | D:1      | Got Plato's Spellbook of the Quarry
  2030 | D:2      | Reached XP level 4. HP: 41/41 MP: 4/4
  2689 | D:3      | Reached skill level 5 in Long Blades
  3287 | D:3      | Reached XP level 5. HP: 46/47 MP: 5/5
  3778 | D:4      | Identified a scroll of acquirement
  3778 | D:4      | Acquired 905 gold pieces
  3791 | D:4      | Noticed Blork the orc
  3810 | D:4      | Killed Blork the orc
  3811 | D:4      | Reached skill level 5 in Fighting
  3811 | D:4      | Reached skill level 6 in Long Blades
  4109 | D:4      | Reached XP level 6. HP: 56/56 MP: 6/6
  4341 | D:4      | Found a staircase to the Ecumenical Temple.
  4361 | Temple   | Entered the Ecumenical Temple
  4829 | D:4      | Reached skill level 7 in Long Blades
  5101 | D:4      | Found a sacrificial altar of Ru.
  5144 | D:4      | Reached XP level 7. HP: 50/63 MP: 7/7
  5232 | D:4      | Noticed Duvessa
  5250 | D:4      | Noticed Dowan
  5280 | D:4      | Killed Duvessa
  5297 | D:4      | Killed Dowan
  5571 | D:4      | Found a snail-covered altar of Cheibriados.
  5572 | D:4      | Found an ornate altar of the Wu Jian Council.
  5577 | D:4      | Found an iron altar of Okawaru.
  5577 | D:4      | Found a hazy altar of Hepliaklqana.
  5577 | D:4      | Found an opulent altar of Gozag.
  5577 | D:4      | Found a shadowy altar of Dithmenos.
  5578 | D:4      | Found a burning altar of Makhleb.
  5580 | D:4      | Found a hide-covered altar of Uskayaw.
  5854 | D:5      | Entered Level 5 of the Dungeon
  5893 | D:5      | You fall into a shaft and drop 2 floors!
  6265 | D:6      | Noticed Sigmund
  6286 | D:7      | Reached skill level 8 in Long Blades
  6721 | D:7      | Reached XP level 8. HP: 35/71 MP: 8/8
  7159 | D:6      | Noticed Pikel
  7544 | D:5      | Reached skill level 9 in Long Blades
  7544 | D:5      | Reached skill level 1 in Armour
  8184 | D:5      | Noticed Edmund
  8208 | D:5      | Killed Edmund
  8542 | D:5      | Reached skill level 10 in Long Blades
  8926 | D:5      | HP: 3/73 [Pikel/+2 whip of flaming (1)]
  8931 | D:5      | HP: 1/73 [Pikel/+2 whip of flaming (8)]
  8931 | D:5      | Slain by Pikel

Illustrated notes

Levels and vault maps discovered:
D:1:      eino_arrival_cavern_a, layout_loops_ring,
          shapermc_ecumenical_altar_rom_forum, chequers_serial_rivers_small_3
D:2:      layout_loops_ring
D:3:      layout_loops_ring, minmay_increasing_density
D:4:      layout_loops_corners, nicolae_ru_the_path_less_chosen, minitemple,
          minmay_temple_entry_grid, uniq_duvessa, uniq_blork_the_orc
D:5:      layout_basic, uniq_edmund
D:6:      layout_cave_pools, uniq_pikel, uniq_sigmund
D:7:      layout_loops_ring, gammafunk_ghost_cemetery, serial_bayou_crossing
Temple:   minmay_temple_forest_path

Skill      XL: |  1  2  3  4  5  6  7  8 |
---------------+-------------------------+-----
Fighting       | 4 5 6 7 |  7.0
Long Blades    | 4 5 6 7 8 10 | 10.1
Armour         | 3 |  3.3
Dodging        | |  2.4
Stealth        | |  1.5

Action                   |  1- 3 |  4- 6 |  7- 9 || total
-------------------------+-------+-------+-------++-------
Melee: Falchion          |   132 |   234 |   157 ||   523
       Punch             |     1 |     2 |     3 ||     6
       Long sword        |       |       |   132 ||   132
 Fire: Sling             |       |       |     7 ||     7
Throw: Boomerang         |       |     1 |     2 ||     3
       Dart              |       |       |     2 ||     2
Evoke: Wand              |       |       |     5 ||     5
  Use: Potion            |       |     1 |     4 ||     5
       Scroll            |       |     8 |     2 ||    10
 Stab: Sleeping          |     3 |       |       ||     3
       Distracted        |     1 |       |       ||     1
       Invisible         |       |     1 |     4 ||     5
Armor: Robe              |    13 |       |       ||    13
       Scale mail        |    20 |    73 |    57 ||   150
       Skin              |       |       |    31 ||    31
Dodge: Dodged            |    74 |   135 |   168 ||   377

Table legend: (Time is in decaauts)
 A = Elapsed time spent in this place.
 B = Non-inter-level travel time spent in this place.
 C = Inter-level travel time spent in this place.
 D = Time resting spent in this place.
 E = Time spent auto-exploring this place.
 F = Levels seen in this place.
 G = Mean time per level.
                   A        B        C        D        E       F      G
               +--------+--------+--------+--------+--------+-----+--------+
         Total |   8927 |   8707 |    220 |   3081 |   4051 |   8 | 1115.9 |
       Dungeon |   8521 |   8351 |    170 |   3081 |   3713 |   7 | 1217.3 |
        Temple |    405 |    355 |     50 |      0 |    338 |   1 |  405.0 |
               +--------+--------+--------+--------+--------+-----+--------+

Top non-repeatable levels by time:
     D:4: 1861 daAuts
     D:5: 1724 daAuts
     D:7: 1294 daAuts
     D:1: 1269 daAuts
     D:2: 1266 daAuts
     D:3: 1067 daAuts
  Temple: 405 daAuts
     D:6: 38 daAuts
